[Event "fics rated crazyhouse match"]
[Site "fics, Oklahoma City, OK USA"]
[Date "2001.02.04"]
[White "CrazyHouseMan"]
[WhiteElo "2344"]
[Black "Dufus"]
[BlackElo "2274"]
[TimeControl "180+0"]
[Result "0-1"]

1. e4 Nf6 2. Nc3 d5 3. exd5 Nxd5 4. d4 e6 5. Nxd5 exd5 6. Nf3 
Nc6 7. Be2 N@e4 8. N@g5 P@g4 9. Nxf7 Kxf7 10. Ne5+ Nxe5 11. dxe5 Bb4+ 
12. P@d2 N@f4 13. N@e3 Kf8 14. Bxg4 Qh4 15. Qf3 Qxf2+ 16. Qxf2 Nxf2 17. Q@d8+ 
Q@e8 18. Qxe8+ Kxe8 19. Q@b5+ P@c6 20. P@d7+ Bxd7 21. Bxd7+ Kxd7 22. P@e6+ Kxe6 
23. B@f5+ Kxe5 24. Qf1 Nxh1 25. Qxf4+ Kxf4 26. N@d3+ Kg5 27. h4+ Kxh4 28. Bxh7 
Q@g1+ 29. Nf1 B@f2+ 30. Nxf2 Qxf2+ 31. Kd1 R@e1# 
{CrazyHouseMan checkmated} 0-1

[Event "fics rated crazyhouse match"]
[Site "fics, Oklahoma City, OK USA"]
[Date "2001.02.04"]
[White "Dufus"]
[WhiteElo "2460"]
[Black "CrazyHouseMan"]
[BlackElo "2335"]
[TimeControl "180+0"]
[Result "1-0"]

1. e4 e6 2. d4 d6 3. Nf3 Nf6 4. Nc3 Nc6 5. d5 exd5 6. exd5 
Nb4 7. Be2 Qe7 8. O-O Bg4 9. Be3 Bxf3 10. Bxf3 N@e5 11. B@a4+ Kd8 
12. a3 Nxf3+ 13. gxf3 Nbxd5 14. Nxd5 Nxd5 15. N@f5 Nxe3 16. fxe3 Qg5+ 17. P@g4 
N@h3+ 18. Kg2 B@e6 19. f4 Qg6 20. N@h4 Qf6 21. N@h5 Qxb2 22. Kxh3 Bxf5 
23. Nxf5 N@c3 24. Qd4 P@e2 25. Rfb1 B@f1+ 26. B@g2 Qxb1 27. Rxb1 R@f3+ 28. Kh4 
Nxa4 29. Bxf3 B@f2+ 30. Nhg3 Bxg3+ 31. Kxg3 N@c3 32. N@g5 P@h4+ 33. Kxh4 Nxb1 
34. Nxf7+ Kd7 35. Qxa4+ P@c6 36. P@e6+ Kxe6 37. Nd4+ Kxf7 38. Q@e6# 
{CrazyHouseMan checkmated} 1-0

[Event "fics rated crazyhouse match"]
[Site "fics, Oklahoma City, OK USA"]
[Date "2001.02.04"]
[White "CrazyHouseMan"]
[WhiteElo "2329"]
[Black "Dufus"]
[BlackElo "2534"]
[TimeControl "180+0"]
[Result "1-0"]

1. e4 Nf6 2. Nc3 d5 3. exd5 Nxd5 4. d4 e6 5. Nxd5 exd5 6. Nf3 
Nc6 7. Be2 N@e4 8. N@g5 h6 9. Nxf7 Kxf7 10. P@b5 Bb4+ 11. P@c3 Nxc3 
12. bxc3 Bxc3+ 13. Bd2 Bxd2+ 14. Qxd2 P@b2 15. Rb1 B@a5 16. N@c3 N@e4 17. Nxe4 
dxe4 18. N@e5+ Kg8 19. Bc4+ P@d5 20. Bxd5+ Qxd5 21. P@f7+ Qxf7 22. Nxf7 Bxd2+ 
23. Nxd2 Nxd4 24. Q@e8+ Q@f8 25. Nxh6+ gxh6 26. Qxf8+ Kxf8 27. Q@f6+ N@f7 28. P@g7+ 
Ke8 29. gxh8=Q+ Q@f8 30. R@e7+ Kd8 31. Qxf8+ B@e8 32. Qxe8# 
{Dufus checkmated} 1-0

[Event "fics rated crazyhouse match"]
[Site "fics, Oklahoma City, OK USA"]
[Date "2001.02.04"]
[White "AngelicK"]
[WhiteElo "2388"]
[Black "ACC"]
[BlackElo "2210"]
[TimeControl "60+0"]
[Result "1-0"]

1. d4 e6 2. Nf3 d5 3. Bf4 Nc6 4. e3 Nf6 5. Bb5 Bb4+ 6. c3 
Bd6 7. Ne5 Bxe5 8. dxe5 Ne4 9. O-O O-O 10. f3 Nc5 11. B@c2 a6 
12. Bxc6 bxc6 13. N@h5 B@g6 14. Nxg7 f6 15. Bxg6 hxg6 16. exf6 Qxf6 17. B@d4 
Qf7 18. Bxc5 P@d6 19. Bd4 B@f6 20. N@h6+ Kxg7 21. Nxf7 Rxf7 22. P@g5 Bxd4 
23. P@h6+ Kg8 24. Qxd4 e5 25. B@f6 N@e2+ 26. Kh1 B@h8 27. B4xe5 Nxd4 28. P@g7 
Bxg7 29. hxg7 N@f2+ 30. Rxf2 Q@e1+ 31. B@g1 Qxg1+ 32. Kxg1 N@e2+ 33. Kf1 Rxg7 
34. Q@h8+ Kxh8 35. Bxg7+ Kg8 36. R@f8+ Kh7 37. Rh8# 
{ACC checkmated} 1-0

[Event "fics rated crazyhouse match"]
[Site "fics, Oklahoma City, OK USA"]
[Date "2001.02.04"]
[White "ACC"]
[WhiteElo "2206"]
[Black "AngelicK"]
[BlackElo "2393"]
[TimeControl "60+0"]
[Result "0-1"]

1. Nf3 e6 2. d4 Nc6 3. Nc3 Nf6 4. Bg5 Be7 5. Bxf6 Bxf6 6. e4 
d6 7. Bb5 O-O 8. Bxc6 bxc6 9. e5 Be7 10. N@h5 B@h6 11. Nxg7 Bxg7 
12. P@f6 Bexf6 13. exf6 Bxf6 14. Ne4 Bg7 15. N@h5 B@h6 16. h4 P@f5 17. B@g5 
fxe4 18. Bxd8 exf3 19. Qxf3 P@d2+ 20. Kf1 N@e1 21. Qe2 N@c1 22. Qg4 Ba6+ 
23. Kg1 Ne2+ 24. Kh2 Nxg2 25. P@f6 P@g6 26. fxg7 Bxg7 27. Nxg7 N@h6 28. Nxe6 
Nxg4+ 29. Kxg2 P@f3+ 30. Kh3 Q@g2# 
{ACC checkmated} 0-1

[Event "fics rated crazyhouse match"]
[Site "fics, Oklahoma City, OK USA"]
[Date "2001.02.04"]
[White "AngelicK"]
[WhiteElo "2397"]
[Black "ACC"]
[BlackElo "2202"]
[TimeControl "60+0"]
[Result "1-0"]

1. d4 e6 2. Nf3 d5 3. Bf4 Nc6 4. e3 Nf6 5. Bb5 Bb4+ 6. c3 
Bd6 7. Ne5 O-O 8. Bxc6 bxc6 9. Nxc6 Qe8 10. Bxd6 cxd6 11. N@e7+ Kh8 
12. P@e5 Ne4 13. O-O B@b7 14. B@a4 B@d7 15. exd6 Bdxc6 16. Nxc6 Bxc6 17. Bxc6 
Qxc6 18. P@e7 Rg8 19. B@f3 Qxd6 20. B@c5 Nxc5 21. dxc5 Qxe7 22. Nd2 P@e4 
23. Bxe4 dxe4 24. Nxe4 B@d5 25. P@f3 Bxe4 26. fxe4 P@h3 27. gxh3 N@h4 28. P@g2 
Nxg2 29. P@d6 Qg5 30. B@g3 N@h4 31. N@e7 Nxe3 32. fxe3 P@g2 33. Nxg8 gxf1=Q+ 
34. Qxf1 N@f3+ 35. Kh1 P@g2+ 36. Qxg2 Nxg2 37. Ne7 Ba6 38. P@c7 Nxe3 39. R@d8+ 
B@g8 40. P@g2 Nxh2 41. Rxa8 B@c8 42. Rxc8 Bxc8 43. R@f8 R@e8 44. Rxe8 Qxe7 
45. Rxg8# 
{ACC forfeits on time} 1-0

[Event "fics rated crazyhouse match"]
[Site "fics, Oklahoma City, OK USA"]
[Date "2000.02.05"]
[White "jtp"]
[WhiteElo "2283"]
[Black "LSS"]
[BlackElo "2409"]
[TimeControl "180+0"]
[Result "0-1"]

1. e4 e6 2. Nc3 d5 3. exd5 exd5 4. Nf3 Bb4 5. Bb5+ c6 6. Qe2+ 
P@e7 7. Bd3 Bg4 8. h3 Bxf3 9. Qxf3 N@e5 10. Qg3 Nxd3+ 11. Qxd3 Bxc3 
12. dxc3 Nf6 13. N@f5 Rg8 14. B@e5 Nbd7 15. B@c7 Nxe5 16. Bxe5 B@d6 17. Bxf6 
exf6 18. Nxd6+ Qxd6 19. Qxh7 O-O-O 20. B@g4+ B@d7 21. N@f5 Bxf5 22. Qxf5+ B@e6 
23. Qf3 N@e5 24. Qe2 Bxg4 25. hxg4 B@a6 26. B@f5+ N@e6 27. P@d3 g6 28. Bxe6+ 
Qxe6 29. N@d4 Qe7 30. B@a3 B@d6 31. Bxd6 Rxd6 32. B@c5 B@c7 33. Bxa7 Bxd3 
34. cxd3 Nxd3+ 35. Kd1 Qxe2+ 36. Kxe2 Nxc1+ 37. Raxc1 N@f4+ 38. Kf1 B@c4+ 39. P@e2 
P@d2 40. Rd1 P@c2 41. Rxd2 c1=Q+ 42. B@e1 Bxe2+ 43. Nxe2 Qxe1+ 44. Kxe1 Q@b1+ 
45. B@c1 Nxe2 46. Q@a8+ Kd7 47. Qxg8 Qxc1+ 48. Kxe2 B@c4+ 49. Kf3 N@f4 50. Kg3 
Ke6 51. Kh4 Ne2 
{jtp forfeits on time} 0-1

[Event "fics rated crazyhouse match"]
[Site "fics, Oklahoma City, OK USA"]
[Date "2000.02.05"]
[White "jtp"]
[WhiteElo "2278"]
[Black "Leech"]
[BlackElo "2284"]
[TimeControl "180+0"]
[Result "0-1"]

1. e4 e6 2. Nc3 d5 3. exd5 exd5 4. Bb5+ c6 5. Qe2+ Be7 6. Bd3 
Nf6 7. Nf3 P@e4 8. Bxe4 dxe4 9. Nxe4 Nxe4 10. Qxe4 B@d5 11. Qf4 Bxf3 
12. Qxf3 N@g5 13. Qg3 Na6 14. N@h5 Rg8 15. B@d3 g6 16. Nf4 N@e4 17. Qe3 
Bc5 18. Qxe4+ Nxe4 19. Bxe4 Bxf2+ 20. Kxf2 Nc5 21. d3 Nxe4+ 22. dxe4 P@d2 
23. B@c3 dxc1=Q 24. Raxc1 B@c5+ 25. P@e3 Bxe3+ 26. Kxe3 B@d2+ 27. Bxd2 Q@d4+ 28. Kf3 
Qxd2 29. B@e3 B@g4+ 30. Kg3 Qxe3+ 31. P@f3 B@f2# 
{jtp checkmated} 0-1

[Event "fics rated crazyhouse match"]
[Site "fics, Oklahoma City, OK USA"]
[Date "2000.02.05"]
[White "Leech"]
[WhiteElo "2292"]
[Black "jtp"]
[BlackElo "2270"]
[TimeControl "180+0"]
[Result "0-1"]

1. e4 Nc6 2. Bc4 e6 3. Nc3 Nf6 4. d4 d5 5. exd5 exd5 6. Bb5 
Bb4 7. Nf3 Qe7+ 8. P@e5 Ne4 9. Bd2 Bxc3 10. bxc3 Nxf2 11. Kxf2 N@e4+ 
12. Ke2 P@h3 13. Rg1 P@f2 14. Rf1 hxg2 15. Rxf2 Nxf2 16. Kxf2 Bh3 17. N@e3 
P@f4 18. Nxg2 Bxg2 19. Kxg2 N@e3+ 20. Bxe3 fxe3 21. P@f2 exf2 22. Kxf2 B@h6 
23. P@e3 R@f5 24. P@f4 Bxf4 25. exf4 Rxf4 26. B@e3 Rxf3+ 27. Qxf3 N@e4+ 28. Kg2 
Nxc3 29. Bxc6+ bxc6 30. Qg3 B@e4+ 31. Kg1 P@b2 32. Re1 b1=Q 33. Rxb1 Nxb1 
34. P@f3 P@e2 35. R@e1 R@f1+ 36. Rxf1 exf1=Q+ 37. Kxf1 R@d1+ 38. B@e1 P@d2 39. Bxd2 
Nxd2+ 40. Ke2 Bxc2 41. P@d3 B@f1+ 42. Kf2 Bfxd3 43. B@g5 f6 44. Bgxd2 Rxe1 
45. Kxe1 P@b2 46. N@c3 B@c1 47. P@e3 Rb8 48. exf6 gxf6 49. R@g7 Bxd2+ 50. Kxd2 
{Leech forfeits on time} 0-1

[Event "fics rated crazyhouse match"]
[Site "fics, Oklahoma City, OK USA"]
[Date "2000.02.05"]
[White "jtp"]
[WhiteElo "2279"]
[Black "Leech"]
[BlackElo "2283"]
[TimeControl "180+0"]
[Result "1-0"]

1. e4 e6 2. Nc3 d5 3. exd5 exd5 4. d4 Nf6 5. Bb5+ c6 6. Qe2+ 
Be7 7. Bf4 P@c7 8. Bd3 Nbd7 9. Nf3 Nb6 10. Ne5 O-O 11. f3 Be6 
12. Rd1 Nh5 13. Bc1 Bh4+ 14. g3 Bxg3+ 15. hxg3 Nxg3 16. Bxh7+ Kh8 17. Qh2 
Nxh1 18. Qxh1 R@h4 19. N@g6+ fxg6 20. Nxg6+ Kxh7 21. Nxh4 B@g3+ 22. B@f2 Bxf2+ 
23. Kxf2 N@g4+ 24. Ke2 B@h5 25. B@g6+ Bxg6 26. Nxg6+ Kxg6 27. B@h5+ Kf6 28. Qh4+ 
Kf5 29. fxg4# 
{Leech checkmated} 1-0

[Event "fics rated crazyhouse match"]
[Site "fics, Oklahoma City, OK USA"]
[Date "2000.02.05"]
[White "Leech"]
[WhiteElo "2275"]
[Black "jtp"]
[BlackElo "2287"]
[TimeControl "180+0"]
[Result "1-0"]

1. e4 Nf6 2. e5 Ne4 3. Qf3 d5 4. d3 Nc5 5. Nc3 d4 6. Ne4 
Nxe4 7. dxe4 e6 8. Nh3 Nc6 9. Bb5 Bd7 10. Bxc6 Bxc6 11. Bg5 B@a5+ 
12. Kd1 Qd7 13. N@c4 Bb6 14. N@d3 N@a4 15. Ke2 Bb5 16. Nxb6 axb6 17. b3 
Nc3+ 18. Kf1 h6 19. Bd2 Bxd3+ 20. Qxd3 N@c5 21. B@c4 N3xe4 22. B@a4 c6 
23. Qe2 P@d5 24. Bd3 Nxd2+ 25. Qxd2 Nxd3 26. cxd3 B@c3 27. Qe2 Bxa1 28. N@h5 
R@b1+ 29. N@e1 N@c3 30. Qd2 B@c1 31. Qc2 Nxa4 32. bxa4 Rb2 33. Qxc1 Rxa2 
34. B@b3 P@d2 35. Qd1 dxe1=Q+ 36. Qxe1 N@d2+ 37. Kg1 Nxb3 38. N@f6+ gxf6 39. Nxf6+ 
Kd8 40. Nxd7 N@e2+ 41. Kf1 Nd2+ 42. Kxe2 Ne4+ 43. Kf1 B@g5 44. Nxg5 hxg5 
45. Nxf8 Rxf8 46. B@f6+ N@e7 47. Bxe7+ Kxe7 48. B@f6# 
{jtp forfeits on time} 1-0

[Event "fics rated crazyhouse match"]
[Site "fics, Oklahoma City, OK USA"]
[Date "2000.02.05"]
[White "jtp"]
[WhiteElo "2279"]
[Black "Leech"]
[BlackElo "2283"]
[TimeControl "180+0"]
[Result "1-0"]

1. e4 e6 2. d4 Nf6 3. Nc3 Nc6 4. e5 Nd5 5. Nxd5 exd5 6. Nf3 
d6 7. Bb5 Bd7 8. Qe2 dxe5 9. Bxc6 Bxc6 10. Nxe5 B@a6 11. P@d3 P@e4 
12. Nxc6 bxc6 13. N@e5 N@b4 14. O-O Bd6 15. Nxf7 Kxf7 16. N@g5+ Ke7 17. B@h4 
N@f6 18. P@e5 N@f5 19. exf6+ gxf6 20. Qg4 P@g6 21. dxe4 dxe4 22. Qxe4+ P@e5 
23. dxe5 fxe5 24. Nxh7+ P@f6 25. Bxf6+ Kd7 26. Bxd8 Bxf1 27. P@b7 Rxh7 28. bxa8=Q 
N@e2+ 29. Qxe2 Bxe2 30. Q@c8+ Ke8 31. Bdg5+ Kf7 32. Qe8+ Kg7 33. Qg8# 
{Leech checkmated} 1-0

[Event "fics rated crazyhouse match"]
[Site "fics, Oklahoma City, OK USA"]
[Date "2000.02.05"]
[White "Leech"]
[WhiteElo "2275"]
[Black "jtp"]
[BlackElo "2287"]
[TimeControl "180+0"]
[Result "0-1"]

1. e4 Nc6 2. Nc3 Nf6 3. Nf3 e6 4. d4 Bb4 5. Bg5 h6 6. Bxf6 
Qxf6 7. Bb5 B@a5 8. N@e2 Bxc3+ 9. bxc3 N@f4 10. Bxc6 Nxe2 11. Qxe2 Bxc3+ 
12. B@d2 Bxa1 13. N@g4 R@b1+ 14. N@d1 Qe7 15. Ba4 N@b2 16. O-O Nxa4 17. Nde3 
Rxf1+ 18. Qxf1 B@a6 19. c4 Bb2 20. R@b4 R@a1 21. Rxa4 Rxf1+ 22. Kxf1 Q@b1+ 
23. R@e1 Qd3+ 24. Kg1 Bxd4 25. Nxd4 Qxd2 26. Nf3 Qxe1+ 27. Nxe1 P@d2 28. Nf3 
R@e1+ 29. Nxe1 dxe1=Q+ 30. B@f1 P@e2 31. Q@d3 N@f4 32. Qc2 exf1=Q+ 33. Nxf1 B@e2 
34. R@c1 Qxf1+ 35. Rxf1 Bxf1 36. Kxf1 B@d3# 
{Leech forfeits on time} 0-1

[Event "fics rated crazyhouse match"]
[Site "fics, Oklahoma City, OK USA"]
[Date "2000.02.05"]
[White "jtp"]
[WhiteElo "2295"]
[Black "Leech"]
[BlackElo "2267"]
[TimeControl "180+0"]
[Result "0-1"]

1. e4 e6 2. Nc3 Nf6 3. e5 Nd5 4. Nxd5 exd5 5. d4 d6 6. Nf3 
dxe5 7. Nxe5 P@f6 8. Nxf7 Kxf7 9. Bd3 Bb4+ 10. c3 Re8+ 11. P@e3 N@h4 
12. Rg1 Bf5 13. Qh5+ Bg6 14. Bxg6+ hxg6 15. Qxh4 N@c2+ 16. Kf1 Nxa1 17. B@d3 
R@d1+ 18. Ke2 Rxd3 19. Kxd3 B@f5+ 20. Kd2 Nc6 21. N@f3 B@g4 22. N@g5+ fxg5 
23. Nxg5+ Qxg5 24. Qxg5 N@e4+ 25. Ke1 Nc2+ 26. Kf1 N@d2+ 27. Bxd2 Nxd2# 
{jtp checkmated} 0-1

[Event "fics rated crazyhouse match"]
[Site "fics, Oklahoma City, OK USA"]
[Date "2000.02.05"]
[White "Leech"]
[WhiteElo "2276"]
[Black "jtp"]
[BlackElo "2286"]
[TimeControl "180+0"]
[Result "0-1"]

1. e4 Nc6 2. Nc3 Nf6 3. Bc4 e6 4. d4 Bb4 5. Bg5 h6 6. Bxf6 
Qxf6 7. Nf3 B@a5 8. Qd2 Nxd4 9. Nxd4 P@a3 10. O-O axb2 11. N@d5 exd5 
12. Nxd5 Bxd2 13. Nxf6+ gxf6 14. N@g7+ Kf8 15. P@e7+ Kg8 16. Q@f8+ Kh7 17. Bxf7 
N@h3+ 18. gxh3 Q@g5+ 19. N@g4 Rxf8 20. exf8=Q Qxg4+ 21. hxg4 N@h3+ 22. Kh1 P@g2+ 
23. Kxg2 Nf4+ 24. Kg3 Q@h3# 
{Leech checkmated} 0-1

[Event "fics rated crazyhouse match"]
[Site "fics, Oklahoma City, OK USA"]
[Date "2000.02.05"]
[White "jtp"]
[WhiteElo "2294"]
[Black "Leech"]
[BlackElo "2268"]
[TimeControl "180+0"]
[Result "1-0"]

1. e4 e6 2. d4 Nf6 3. Nc3 d5 4. exd5 Nxd5 5. Nxd5 exd5 6. Nf3 
Nc6 7. Bb5 Bg4 8. P@a6 P@d7 9. axb7 Rb8 10. Bxc6 dxc6 11. N@e5 B@d7 
12. Qe2 Qe7 13. N@c5 Bxf3 14. gxf3 N@g2+ 15. Kd1 N@f4 16. Bxf4 Nxf4 17. Ncxd7 
Nxe2 18. Nxb8 Nxd4 19. R@c8+ B@d8 20. B@d3 Qxe5 21. B@e3 Bb4 22. Rxd8+ Kxd8 
23. B@f4 P@d2 24. P@c3 Bxc3 25. bxc3 N@b2+ 26. Kxd2 Nxf3+ 27. Ke2 R@d2+ 28. Kxf3 
Q@e4+ 29. Kg3 P@h4+ 30. Kh3 Qf3+ 31. P@g3 Rxd3 32. B@g5+ f6 33. N@f7+ Ke7 
34. Nxe5 B@g2+ 35. Kxh4 fxg5+ 36. Bxg5+ B@f6 37. Q@d7+ Kf8 38. Qf7# 
{Leech checkmated} 1-0

[Event "fics rated crazyhouse match"]
[Site "fics, Oklahoma City, OK USA"]
[Date "2000.02.05"]
[White "Leech"]
[WhiteElo "2261"]
[Black "jtp"]
[BlackElo "2301"]
[TimeControl "180+0"]
[Result "0-1"]

1. e4 Nf6 2. e5 Ne4 3. Qf3 d5 4. d3 Nc5 5. d4 Ne4 6. Nc3 
Nxc3 7. bxc3 e6 8. Nh3 Nc6 9. Bg5 Qd7 10. Bb5 N@a3 11. Bxc6 Qxc6 
12. O-O Nxc2 13. Rac1 B@e4 14. Rxc2 Bxf3 15. gxf3 h6 16. B@h5 Q@f5 17. Bxf7+ 
Qxf7 18. N@h4 hxg5 19. Nxg5 Qf4 20. N@f7 Qxh4 21. P@g3 Qh5 22. Nxh8 Qxg5 
23. P@f7+ Kd7 24. N@c5+ Bxc5 25. dxc5 N@h3+ 26. Kh1 P@g2+ 27. Kxg2 N@f4+ 28. Kh1 
B@g2# 
{Leech checkmated} 0-1

[Event "fics rated crazyhouse match"]
[Site "fics, Oklahoma City, OK USA"]
[Date "2000.02.05"]
[White "jtp"]
[WhiteElo "2308"]
[Black "Leech"]
[BlackElo "2254"]
[TimeControl "180+0"]
[Result "1-0"]

1. e4 e6 2. Nc3 Nf6 3. Nf3 Nc6 4. e5 Ng4 5. d4 Nxf2 6. Kxf2 
Bb4 7. N@h5 Rg8 8. Bd3 P@f5 9. Bg5 f6 10. exf6 gxf6 11. Bxf6 P@e7 
12. Be5 Bxc3 13. bxc3 N@g4+ 14. Ke2 d6 15. h3 dxe5 16. hxg4 fxg4 17. P@f7+ 
Kd7 18. Nxe5+ Nxe5 19. dxe5 P@f3+ 20. Kf2 B@b6+ 21. P@e3 Bxe3+ 22. Kxe3 N@d5+ 
23. Kf2 P@e3+ 24. Kg3 Rg5 25. B@e8+ Qxe8 26. fxe8=Q+ Kxe8 27. N@g7+ Rxg7 28. Nxg7+ 
Kf7 29. Q@e8+ Kxg7 30. Rxh7# 
{Leech checkmated} 1-0

[Event "fics rated crazyhouse match"]
[Site "fics, Oklahoma City, OK USA"]
[Date "2000.02.05"]
[White "Leech"]
[WhiteElo "2247"]
[Black "jtp"]
[BlackElo "2315"]
[TimeControl "180+0"]
[Result "1-0"]

1. e4 Nf6 2. e5 Ne4 3. Qf3 d5 4. d3 Nc5 5. Qxf7+ Kxf7 6. Nf3 
e6 7. Ng5+ Ke7 8. P@f6+ Kd7 9. Nf7 gxf6 10. Nxd8 Kxd8 11. exf6 Q@e5+ 
12. Be3 Qxb2 13. P@e7+ Bxe7 14. fxe7+ Kxe7 15. Bxc5+ P@d6 16. B@g5+ P@f6 17. Q@g7+ 
N@f7 18. Bxf6+ Qxf6 19. Qxf6+ Kxf6 20. N@h5+ Ke7 21. Q@f6+ Ke8 22. Ng7+ Kf8 
23. P@e7+ Kg8 24. e8=Q+ Q@f8 25. Qxf8+ Kxf8 26. Q@e8# 
{jtp checkmated} 1-0

[Event "fics rated crazyhouse match"]
[Site "fics, Oklahoma City, OK USA"]
[Date "2000.02.05"]
[White "jtp"]
[WhiteElo "2305"]
[Black "Leech"]
[BlackElo "2257"]
[TimeControl "180+0"]
[Result "1-0"]

1. e4 Nf6 2. Nc3 Nc6 3. Nf3 d5 4. exd5 Nxd5 5. Bb5 e6 6. d4 
Bd7 7. Nxd5 exd5 8. Qe2+ Be7 9. N@h5 Rg8 10. Bxc6 bxc6 11. P@f6 gxf6 
12. Nxf6+ Kf8 13. Nxh7+ Kg7 14. P@f6+ Kxh7 15. fxe7 B@b4+ 16. c3 Bxe7 17. h4 
Rxg2 18. N@g5+ Bxg5 19. hxg5+ P@h3 20. B@d3+ P@e4 21. Bxe4+ dxe4 22. Qxe4+ B@f5 
23. Rxh3+ Kg7 24. B@f6+ Kg6 25. Rh6# 
{Leech checkmated} 1-0

[Event "fics rated crazyhouse match"]
[Site "fics, Oklahoma City, OK USA"]
[Date "2000.02.05"]
[White "Leech"]
[WhiteElo "2250"]
[Black "jtp"]
[BlackElo "2312"]
[TimeControl "180+0"]
[Result "0-1"]

1. e4 Nc6 2. d4 d5 3. e5 Nh6 4. Bxh6 gxh6 5. Bb5 Rg8 6. Bxc6+ 
bxc6 7. N@g3 Rb8 8. N@b3 B@g4 9. N1e2 B@a6 10. Nbc3 h5 11. h3 Bge6 
12. O-O h4 13. Nh5 Bxh3 14. Nef4 Bxf1 15. Qxf1 Bxg2 16. Nxg2 P@h3 17. B@g3 
hxg2 18. Qxg2 hxg3 19. fxg3 B@g4 20. P@g7 Bxg7 21. Nxg7+ Rxg7 22. P@h6 Rg8 
23. Rf1 P@f3 24. Rxf3 Bxf3 25. Qxf3 R@e1+ 26. B@f1 R@f5 27. B@f4 P@g4 28. Qf2 
N@f3+ 29. Kg2 Rxf4 30. gxf4 B@h3+ 31. Kh1 Rxf1+ 32. Qxf1 Bxf1 33. R@g2 Bxg2+ 
34. Kxg2 Q@g1# 
{Leech checkmated} 0-1

[Event "fics rated crazyhouse match"]
[Site "fics, Oklahoma City, OK USA"]
[Date "2000.02.05"]
[White "jtp"]
[WhiteElo "2319"]
[Black "Leech"]
[BlackElo "2243"]
[TimeControl "180+0"]
[Result "1-0"]

1. e4 Nf6 2. Nc3 d5 3. e5 Ne4 4. d3 Nxc3 5. bxc3 Nc6 6. d4 
e6 7. Nh3 Bd7 8. Rb1 Rb8 9. Bd3 Na5 10. Rg1 Nc4 11. Nf4 Qh4 
12. N@f3 Qe7 13. Bxc4 dxc4 14. d5 N@e4 15. dxe6 Bxe6 16. N@d5 Qd7 17. Qd4 
Nxc3 18. Nxc3 Qxd4 19. Nxd4 B@b4 20. Nfxe6 Bxc3+ 21. P@d2 Bxd4 22. Nxd4 Q@d7 
23. B@c6 bxc6 24. Rxb8+ B@d8 25. R@a8 Be7 26. B@e3 P@c5 27. e6 fxe6 28. N@e5 
cxd4 29. Q@f7# 
{Leech checkmated} 1-0

[Event "fics rated crazyhouse match"]
[Site "fics, Oklahoma City, OK USA"]
[Date "2000.02.05"]
[White "Leech"]
[WhiteElo "2237"]
[Black "jtp"]
[BlackElo "2325"]
[TimeControl "180+0"]
[Result "0-1"]

1. e4 Nf6 2. e5 Ne4 3. d3 Nxf2 4. Kxf2 Nc6 5. Bf4 d6 6. exd6 
cxd6 7. Nf3 e5 8. Qe2 Be7 9. Bd2 Bg4 10. P@h3 Bxf3 11. Qxf3 d5 
12. N@f5 N@e6 13. B@a4 P@g6 14. Nxe7 Qxe7 15. Qxd5 O-O 16. P@h6 Nf4 17. Bxf4 
exf4 18. B@e4 B@b6+ 19. Ke1 N@f6 20. Qc4 P@d5 21. Qxc6 bxc6 22. hxg7 Kxg7 
23. P@h6+ Kxh6 24. Be2 P@f2+ 25. Kd1 dxe4 26. Bxc6 Rac8 27. P@g5+ Kxg5 28. N@g4 
Rxc6 29. h4+ Kxh4 30. g3+ fxg3 31. N@g2+ Kh3 32. Nf4+ Kh4 33. Ng2+ Kg5 
34. h4+ Kf5 
{Leech forfeits on time} 0-1

[Event "fics rated crazyhouse match"]
[Site "fics, Oklahoma City, OK USA"]
[Date "2000.02.05"]
[White "jtp"]
[WhiteElo "2331"]
[Black "Leech"]
[BlackElo "2231"]
[TimeControl "180+0"]
[Result "0-1"]

1. e4 e6 2. Nc3 d5 3. Nf3 Nf6 4. exd5 Nxd5 5. Nxd5 exd5 6. d4 
Nc6 7. Bb5 Bg4 8. P@a6 P@d7 9. axb7 Rb8 10. Bxc6 dxc6 11. Qe2+ Qe7 
12. N@e5 B@d7 13. Nxg4 Qxe2+ 14. Kxe2 Bxg4 15. B@c8 Rxc8 16. bxc8=Q+ Bxc8 17. Q@b8 
B@a6+ 18. P@d3 P@e4 19. R@e5+ Be7 20. Qxc7 O-O 21. N@f4 exd3+ 22. cxd3 P@e4 
23. P@c2 exd3+ 24. cxd3 P@e4 25. P@c2 Bf6 26. P@e7 Bxe7 27. Qxe7 N@g6 28. Qxf8+ 
Nxf8 29. Be3 exd3+ 30. cxd3 Q@c2+ 31. R@d2 Bxd3+ 32. Ke1 Qxd2+ 33. Bxd2 N@c2+ 
34. Kd1 Nxa1 35. P@e7 Q@c2+ 36. Ke1 R@d1# 
{jtp checkmated} 0-1

[Event "fics rated crazyhouse match"]
[Site "fics, Oklahoma City, OK USA"]
[Date "2000.02.05"]
[White "Leech"]
[WhiteElo "2241"]
[Black "jtp"]
[BlackElo "2321"]
[TimeControl "180+0"]
[Result "0-1"]

1. e4 Nc6 2. Nc3 Nf6 3. Nf3 d5 4. exd5 Nxd5 5. Nxd5 Qxd5 6. d4 
e5 7. N@e3 Qa5+ 8. Bd2 P@b4 9. dxe5 Nxe5 10. Nxe5 Qxe5 11. N@c4 Qe7 
12. P@d6 cxd6 13. Bxb4 P@c7 14. Be2 N@e4 15. Nd5 N@h4 16. Nxe7 Nxg2+ 17. Kf1 
Bxe7 18. Bf3 Bh3 19. Q@a4+ Kf8 20. Bxe4 Ne3+ 21. Ke2 Nxd1 22. Raxd1 N@f4+ 
23. Kd2 Q@e2+ 24. Kc1 Qxe4 25. Nxd6 cxd6 26. N@d7+ Kg8 27. Bxd6 Ne2+ 28. Kb1 
N@c3+ 29. Ka1 Nxa4 30. Bxe7 Qxe7 31. Rhg1 Nxg1 32. Rxg1 R@e1+ 33. Rxe1 Qxe1+ 
34. B@b1 Q@d4 35. N@h6+ gxh6 36. N@f6+ Kg7 37. Nh5+ Kg6 38. R@f6+ Qxf6 39. Ndxf6 
Qxb1+ 40. Kxb1 R@d1+ 41. Q@c1 N@d2+ 42. Ka1 Rxc1# 
{Leech forfeits on time} 0-1

[Event "fics rated crazyhouse match"]
[Site "fics, Oklahoma City, OK USA"]
[Date "2000.02.05"]
[White "jtp"]
[WhiteElo "2327"]
[Black "Leech"]
[BlackElo "2235"]
[TimeControl "180+0"]
[Result "1-0"]

1. e4 e5 2. Nf3 Nc6 3. Bc4 Bc5 4. c3 Bxf2+ 5. Kxf2 Nf6 6. d3 
d5 7. exd5 Nxd5 8. Qe2 O-O 9. B@h4 P@f6 10. P@h6 gxh6 11. Bxh6 P@e3+ 
12. Bxe3 Nxe3 13. Qxe3 P@f4 14. Qe2 B@c5+ 15. Kf1 Be6 16. N@h5 Be7 17. P@g7 
Re8 18. Bxe6 fxe6 19. B@a4 B@h6 20. P@a6 Bxg7 21. axb7 Rb8 22. Bxc6 Rf8 
23. Nxg7 Kxg7 24. N@h5+ Kf7 25. B@g7 P@g6 26. Bxf8 Qxf8 27. Bxf6 Bxf6 28. Nxf6 
N@e3+ 29. Ke1 B@d1 30. R@d7+ B@e7 31. Qf2 Bxf3 32. gxf3 N@c2+ 33. Kd2 Nxa1 
34. Na3 Rxb7 35. Bxb7 Nf5 36. Kc1 P@e3 37. Qe2 Kxf6 38. d4 exd4 39. P@e5+ 
Kf7 40. cxd4 Nxd4 41. Rxd4 N@b3+ 42. axb3 Nxb3+ 43. Kb1 Nxd4 44. N@h6# 
{Leech forfeits on time} 1-0

[Event "fics rated crazyhouse match"]
[Site "fics, Oklahoma City, OK USA"]
[Date "2000.02.05"]
[White "Leech"]
[WhiteElo "2229"]
[Black "jtp"]
[BlackElo "2333"]
[TimeControl "180+0"]
[Result "1-0"]

1. e4 Nc6 2. Nc3 Nf6 3. Nf3 d5 4. exd5 Nxd5 5. Ng5 e5 6. Nxf7 
Kxf7 7. Bc4 P@e6 8. Bxd5 exd5 9. d3 B@g4 10. P@f3 Bh5 11. N@g3 Bg6 
12. P@h5 Bgf5 13. Nxf5 Bxf5 14. Nxd5 Qxd5 15. B@b3 Qxb3 16. axb3 Be7 17. h6 
N@h4 18. Rg1 Rhg8 19. P@g3 Ng6 20. hxg7 Kxg7 21. g4 Bd7 22. g5 Kf7 
23. P@f6 Bc5 24. Q@d5+ B@e6 25. Qxc5 P@d6 26. Qb5 Nd4 27. Qxb7 N@b4 28. Qxb4 
h6 29. gxh6 Kxf6 30. B@g7+ Kf7 31. N@g5+ Ke8 32. Qb7 Bc6 33. Qxc7 P@e2 
34. Qd2 Rc8 35. P@f7+ Bxf7 36. Qxf7+ Kd8 37. Qxg8+ Kc7 38. Qf7+ P@d7 39. Qxg6 
N@b4 40. Bxe5 Nbxc2+ 41. Qxc2 Nxc2+ 42. Kd2 Nxa1 43. R@c3 R@d1+ 44. Rxd1 exd1=Q# 
{jtp forfeits on time} 1-0

[Event "fics rated crazyhouse match"]
[Site "fics, Oklahoma City, OK USA"]
[Date "2000.02.05"]
[White "jtp"]
[WhiteElo "2323"]
[Black "Leech"]
[BlackElo "2239"]
[TimeControl "180+0"]
[Result "1-0"]

1. e4 Nf6 2. e5 Nd5 3. Nc3 e6 4. Nxd5 exd5 5. Nf3 Nc6 6. d4 
d6 7. Bb5 Bd7 8. Qe2 dxe5 9. Nxe5 Nxe5 10. Qxe5+ P@e6 11. Bxd7+ Qxd7 
12. N@h5 f6 13. Qxf6 gxf6 14. Nxf6+ Kd8 15. Nxd7 B@h5 16. Q@g5+ N@f6 17. Qxf6+ 
Kxd7 18. N@e5+ Kc8 19. P@d7+ Kb8 20. Qd8+ Q@c8 21. dxc8=Q# 
{Leech checkmated} 1-0

[Event "fics rated crazyhouse match"]
[Site "fics, Oklahoma City, OK USA"]
[Date "2000.02.05"]
[White "Leech"]
[WhiteElo "2233"]
[Black "jtp"]
[BlackElo "2329"]
[TimeControl "180+0"]
[Result "0-1"]

1. e4 Nc6 2. f4 d5 3. e5 d4 4. Nf3 Bg4 5. Be2 e6 6. O-O 
Nge7 7. d3 Nf5 8. Ng5 Bxe2 9. Qxe2 Be7 10. Ne4 h5 11. B@g5 B@g4 
12. Bxe7 Ncxe7 13. B@f3 Bxf3 14. Rxf3 B@g4 15. B@g5 B@e3+ 16. Bxe3 dxe3 17. Nbc3 
Bxf3 18. gxf3 B@f2+ 19. Nxf2 exf2+ 20. Kxf2 Qd4+ 21. P@e3 Nxe3 22. B@a4+ c6 
23. Bxe7 Ng4+ 24. Ke1 R@g1+ 25. B@f1 N@g2+ 26. Kd1 N2e3+ 27. Kc1 Rxf1+ 28. B@d1 
Qxf4 29. fxg4 Nxd1+ 30. N@d2 Nxc3+ 31. Qxf1 Qxf1+ 32. Nxf1 Q@d1# 
{Leech checkmated} 0-1